 Dungeon Crawl Stone Soup version 0.20.1-1-g8b1a95d (webtiles) character file.

72 Mesmaeker13 the Ducker (level 4, 0/33 HPs)
             Began as a Draconian Wizard on Aug 31, 2017.
             Slain by an orc priest
             ... wielding a +0 trident
              (7 damage)
             ... on level 4 of the Dungeon.
             The game lasted 00:03:51 (4004 turns).

Mesmaeker13 the Ducker (Draconian Wizard)           Turns: 4004, Time: 00:03:51

Health: 0/33       AC:  7    Str:  9    XL:     4   Next: 6%
Magic:  7/8        EV: 13    Int: 19    God:
Gold:   122        SH:  0    Dex: 10    Spells: 3/9 levels left

rFire    . . .     SeeInvis .   p - +4 whip
rCold    . . .     Gourm    .   (no shield)
rNeg     . . .     Faith    .   (armour unavailable)
rPois    .         Spirit   .   a - +0 hat
rElec    .         Reflect  .   (no cloak)
rCorr    .         Harm     .   (no gloves)
MR       .....                  c - +1 pair of boots
Stlth    ++........             (no amulet)
Regen    0.2/turn               (no ring)
MPRegen  0.2/turn               (no ring)

@: no status effects
A: unfitting armour, cold-blooded, AC +5
a: no special abilities


You were on level 4 of the Dungeon.
You were not hungry.

You visited 1 branch of the dungeon, and saw 4 of its levels.

You collected 122 gold pieces.

Inventory:

Hand Weapons
 p - a +4 whip (weapon)
 y - a +2 short sword of freezing
Armour
 a - a +0 hat (worn)
 c - a +1 pair of boots (worn)
Jewellery
 u - a +2 ring of evasion {unknown}
Scrolls
 d - a scroll of enchant armour
 h - a scroll of identify {unknown}
 i - a scroll of recharging
 m - a scroll of teleportation
 n - a scroll of amnesia
 r - a scroll of magic mapping {unknown}
 v - a scroll of fear {unknown}
 x - 2 scrolls of remove curse {unknown}
 A - a scroll of immolation {unknown}
Potions
 e - a potion of agility {unknown}
 g - a potion of invisibility {unknown}
 j - a potion of curing {unknown}
 o - 2 potions of brilliance {unknown}
 q - a potion of haste {unknown}
 s - a potion of lignification {unknown}
 t - a potion of degeneration {unknown}
 w - a potion of magic {unknown}
Books
 b - a book of Minor Magic

   Spells                             Type                      Level
   a - Magic Dart                     Conjuration                  1
   b - Blink                          Translocation                2
   c - Call Imp                       Summoning                    2
   d - Slow                           Hexes                        2
   e - Conjure Flame                  Conjuration/Fire             3
   f - Mephitic Cloud                 Conjuration/Poison/Air       3
Comestibles
 f - a meat ration
 k - a royal jelly
 l - 4 fruits
 z - 6 chunks of flesh


   Skills:
 + Level 3.2 Dodging
 - Level 1.7 Stealth
 - Level 3.0 Spellcasting
 + Level 2.4 Conjurations
 + Level 1.2 Summonings
   Level 1.0 Translocations


You had 3 spell levels left.
You knew the following spells:

 Your Spells              Type           Power        Failure   Level  Hunger
a - Magic Dart            Conj           ##..         5%          1    None
b - Call Imp              Summ           #.......     14%         2    ##.....
c - Mephitic Cloud        Conj/Pois/Air  #.......     32%         3    ###....


Dungeon Overview and Level Annotations

Branches:
Dungeon (4/15)
 Temple: D:4-7

Altars:
Nemelex Xobeh
The Shining One


Innate Abilities, Weirdness & Mutations

Your plain brown scales are hard. (AC +5)
You cannot fit into any form of body armour.
You are cold-blooded and may be slowed by cold attacks.


Message History

An orc priest comes into view. It is wielding a trident.
The orc priest shouts!
The orc priest invokes the aid of Beogh against you.
Beogh smites you!
Casting: Magic Dart
Confirm with . or Enter, or press ? or * to list all spells.
Aiming: Magic Dart
Press: ? - help, Shift-Dir - straight line, f - orc priest
Aim: an orc priest, wielding a trident and wearing a leather armour The magic dart hits the orc priest.
The orc priest is moderately wounded.
The orc priest invokes the aid of Beogh against you.
Beogh smites you!
* * * LOW HITPOINT WARNING * * *
You hear a shout!
Unknown command.
You hit the orc priest.
The orc priest is severely wounded.
The orc priest hits you with a trident!
You die...

################
[.......[......#
#.####.######.# #...##
#.# .##.#.#.####.#####
.............)...#
.##.#.#@####.###.#######
#. ##..o## #.# #........
# ##.# #.# ######### #.#
#.# #o #.# #.# #.# ..#


You could see an orc priest.

Vanquished Creatures
  An adder (D:3)
  An ooze (D:3)
  A worm (D:3)
  A dart slug (D:1)
  4 leopard geckos
  2 orcs (D:4)
  2 giant cockroaches (D:1)
  2 hobgoblins
  6 jackals
  5 kobolds
  2 ball pythons (D:1)
  7 bats
  5 frilled lizards
  2 goblins (D:1)
  6 rats
47 creatures vanquished.

Vanquished Creatures (collateral kills)
  A worm (D:2)
  A jackal (D:2)
2 creatures vanquished.

Grand Total: 49 creatures vanquished

Notes
Turn   | Place    | Note
-------+----------+-------------------------------------------
     0 | D:1      | Mesmaeker13 the Draconian Wizard began the quest for the Orb.
     0 | D:1      | Reached XP level 1. HP: 14/14 MP: 4/4
   354 | D:1      | Reached XP level 2. HP: 20/20 MP: 4/6
  1207 | D:2      | Learned a level 2 spell: Call Imp
  1375 | D:2      | Reached XP level 3. HP: 26/26 MP: 0/7
  2082 | D:2      | Found a faded altar of an unknown god.
  2984 | D:3      | Found a glowing golden altar of the Shining One.
  3043 | D:3      | Found a sparkling altar of Nemelex Xobeh.
  3698 | D:3      | Learned a level 3 spell: Mephitic Cloud
  3700 | D:4      | Reached XP level 4. HP: 33/33 MP: 6/8
  4004 | D:4      | Slain by an orc priest

Skill      XL: |  1  2  3 |
---------------+----------+-----
Dodging        | 2 3 |  3.2
Conjurations   | 2 |  2.4
Stealth        | |  1.7
Spellcasting   | |  3.0
Summonings     | |  1.2
Translocations | |  1.0

Action                   |  1- 3 |  4- 6 || total
-------------------------+-------+-------++-------
Melee: Unarmed           |     4 |       ||     4
       Tailslap          |     3 |     1 ||     4
       Dagger            |    22 |       ||    22
       Whip              |    13 |    14 ||    27
 Cast: Magic Dart        |    96 |    11 ||   107
       Call Imp          |     3 |       ||     3
  Use: Scroll            |     5 |       ||     5
  Eat: Chunk             |     4 |     1 ||     5
       Bread ration      |     1 |       ||     1
Armor: Skin              |    17 |     2 ||    19
Dodge: Dodged            |    45 |    10 ||    55
